[Event "Team 45 45 League T62"]
[Site "Internet Chess Club"]
[Date "2014.09.27"]
[Round "5"]
[White "mindstorm"]
[Black "smsxman"]
[Result "1/2-1/2"]
[WhiteElo "1438"]
[BlackElo "1427"]
[Opening "Two knights defense"]
[ECO "C55"]
[Time "10:05:08"]
[TimeControl "2700+45"]

1. e4 e5 2. Nf3 Nc6 3. d4 exd4 4. Bc4 Nf6 5. O-O Be7 6. Re1 O-O 7. e5 Ng4 8. h3
Nh6 9. Bxh6 gxh6 10. Nxd4 d6 11. Nxc6 bxc6 12. e6 d5 13. exf7+ Rxf7 14. Bd3 Rg7
15. Qh5 Qd6 16. Nc3 Be6 17. Qxh6 Bf7 18. Qe3 Bg5 19. Qf3 Rf8 20. Re2 d4 21. Ne4
Qd8 22. Nxg5 Qxg5 23. Rae1 Bd5 24. Qg4 Qf6 25. Qh5 Rxg2+ 26. Kf1 Rxf2+ 27. Kg1
Qg7+ 28. Qg4 Qxg4+ 29. hxg4 R2f6 30. Re7 Rh6 31. Be4 Bxe4 32. R1xe4 Rhf6 33.
Rxc7 Rf1+ 34. Kh2 R1f2+ 35. Kg3 Rxc2 36. Ree7 Rd8 37. Rxh7 Rxb2 38. Rxa7 d3 39.
Rhd7 Rxd7 40. Rxd7 d2 41. a4 Ra2 42. a5 c5 43. a6 Rxa6 44. Rxd2 c4 45. Rc2 Rc6
46. Kf4 Kg7 47. g5 Kg6 48. Kg4 c3 49. Kf4 Rc4+ 50. Ke5 Kxg5 51. Kd5 Rc8 52. Kd4
Kf4 53. Rxc3 Rxc3 54. Kxc3 {Game drawn because neither player has mating
material} 1/2-1/2

[Event "Team 45 45 League T62"]
[Site "Internet Chess Club"]
[Date "2014.09.28"]
[Round "5"]
[White "Fogbound"]
[Black "MasterD"]
[Result "0-1"]
[WhiteElo "1224"]
[BlackElo "1415"]
[Opening "Queen's pawn: London system"]
[ECO "A45"]
[Time "14:14:50"]
[TimeControl "2700+45"]

1. d4 Nf6 2. Bf4 e6 3. c4 b6 4. Nc3 Bb4 5. Qc2 Bb7 6. e3 O-O 7. Ne2 d6 8. a3
Bxc3+ 9. Nxc3 Nbd7 10. f3 Qe7 11. Bd3 h6 12. O-O-O c5 13. Rhe1 Rac8 14. Nb5 d5
15. Nd6 Rb8 16. Nf5 exf5 17. Bxb8 Rxb8 18. Bxf5 Qd6 19. g4 dxc4 20. dxc5 Qc6 21.
Qc3 Nxc5 22. Qd4 Nb3+ {White resigns} 0-1

[Event "Team 45 45 League T62"]
[Site "Internet Chess Club"]
[Date "2014.09.28"]
[Round "5"]
[White "oldbookseller"]
[Black "RockingCHESS"]
[Result "1-0"]
[WhiteElo "1162"]
[BlackElo "1158"]
[Opening "Queen's pawn game"]
[ECO "D05"]
[Time "16:09:18"]
[TimeControl "2700+45"]

1. d4 d5 2. Nf3 Nf6 3. e3 e6 4. Bd3 Bd6 5. Nbd2 c5 6. O-O O-O 7. b3 Nc6 8. Bb2
b6 9. c3 cxd4 10. cxd4 Bb7 11. e4 dxe4 12. Nxe4 Nxe4 13. Bxe4 Be7 14. Bc2 Bf6
15. Qd3 Nb4 16. Qxh7# {Black checkmated} 1-0

[Event "Team 45 45 League T62"]
[Site "Internet Chess Club"]
[Date "2014.09.24"]
[Round "5"]
[White "Schachteufel"]
[Black "Bryant-L"]
[Result "0-1"]
[WhiteElo "1583"]
[BlackElo "1689"]
[Opening "French: Winawer, advance variation"]
[ECO "C18"]
[Time "17:00:20"]
[TimeControl "2700+45"]

1. e4 e6 2. d4 d5 3. Nc3 Bb4 4. e5 c5 5. a3 Bxc3+ 6. bxc3 Nc6 7. Qg4 Nge7 8.
Qxg7 Rg8 9. Qxh7 cxd4 10. f4 Qc7 11. Ne2 dxc3 12. Qd3 b6 13. Nxc3 Nf5 14. Rg1
Qe7 15. g3 Qc5 16. Rg2 Ba6 17. Nb5 Bxb5 18. Qxb5 Qc3+ 19. Kf2 O-O-O 20. Rb1
Qxc2+ 21. Kg1 Qc5+ 22. Qxc5 bxc5 23. Rgb2 c4 24. Be2 Nfd4 25. Bd1 c3 26. Rb7 c2
27. Bxc2 Nxc2 28. Rxf7 Rd7 29. Rf6 Re7 30. Bb2 Ne3 31. a4 Nc4 32. Bc3 Kc7 33.
Kf2 Rb8 34. Rxb8 Kxb8 35. g4 d4 36. Be1 d3 37. Bc3 d2 38. Ke2 Rd7 39. Bxd2 Rxd2+
40. Ke1 Nd4 41. g5 Nf3+ 42. Kf1 Ne3# {White checkmated} 0-1

[Event "Team 45 45 League T62"]
[Site "Internet Chess Club"]
[Date "2014.09.28"]
[Round "5"]
[White "mattp108"]
[Black "krysto"]
[Result "1/2-1/2"]
[WhiteElo "1682"]
[BlackElo "1579"]
[Opening "Réti opening"]
[ECO "A05"]
[Time "17:13:08"]
[TimeControl "2700+45"]

1. Nf3 Nf6 2. g3 d5 3. Bg2 e6 4. O-O c5 5. d3 Nc6 6. Nbd2 Bd6 7. c3 O-O 8. Qc2
b5 9. e4 a5 10. exd5 exd5 11. d4 Be6 12. Re1 h6 13. dxc5 Bxc5 14. Nb3 Bb6 15.
Be3 Rc8 16. Qd3 b4 17. Rac1 bxc3 18. bxc3 Qc7 19. Bf4 Qa7 20. Be3 a4 21. Nbd4
Bd7 22. Nxc6 Bxc6 23. Bxb6 Qxb6 24. Rb1 Qa5 25. Ne5 Ba8 26. c4 dxc4 27. Nxc4 Qa6
28. Bxa8 Rxa8 29. Rb6 Qc8 30. Reb1 Qh3 31. Qf1 Qxf1+ 32. Kxf1 Nd5 33. Rb7 Nc3
34. Rc1 Ne4 35. Re1 Nc3 36. Rc1 Ne4 {Game drawn by mutual agreement} 1/2-1/2

[Event "Team 45 45 League T62"]
[Site "Internet Chess Club"]
[Date "2014.09.27"]
[Round "5"]
[White "mkoga"]
[Black "pokerram"]
[Result "0-1"]
[WhiteElo "1398"]
[BlackElo "1686"]
[Opening "Sicilian: Kan, Maróczy bind (Réti variation)"]
[ECO "B41"]
[Time "15:00:19"]
[TimeControl "2700+45"]

1. e4 c5 2. Nf3 e6 3. d4 cxd4 4. Nxd4 a6 5. c4 Nf6 6. Bd3 Bb4+ 7. Nc3 Qa5 8. Bd2
Nc6 9. Nb3 Qc7 10. O-O Be7 11. Qc1 d6 12. Re1 O-O 13. Bf4 Ne5 14. Qd2 Nxd3 15.
Qxd3 e5 16. Bg5 Be6 17. Bxf6 Bxf6 18. Nd5 Bxd5 19. Qxd5 b6 20. Rac1 Rac8 21. g3
Kh8 22. Nd2 Qd7 23. Kg2 Rc5 24. Qd3 Bg5 25. b4 Rc7 26. Rc2 b5 27. Nf3 bxc4 28.
Rxc4 Qb5 29. a4 Qxc4 30. Qxd6 Be7 31. Qxe5 Bxb4 32. Rd1 Bc3 33. Qd6 Bb4 34. Qd8
Rc8 35. Qh4 f6 36. Rd4 Qc5 37. Rd5 Qe7 38. Qh3 Qxe4 39. Rd4 Qe7 40. Nh4 Qb7+ 41.
Nf3 Rcd8 42. Rh4 g6 43. Rh6 Qd7 44. Qh4 Bc3 45. Rxg6 Rg8 46. Rh6 Qg7 47. Kf1
Rd1+ 48. Kg2 Bd2 49. Nxd2 Rxd2 50. Rxf6 Rf8 51. Rf3 Qb7 52. Qh5 Qxf3+ 53. Qxf3
Rxf3 54. Kxf3 Ra2 55. h4 Rxa4 56. g4 Rb4 57. h5 h6 58. g5 hxg5 59. Kg3 a5 60. f4
Rxf4 {White resigns} 0-1

[Event "Team 45 45 League T62"]
[Site "Internet Chess Club"]
[Date "2014.09.27"]
[Round "5"]
[White "Megasus"]
[Black "Berke"]
[Result "1/2-1/2"]
[WhiteElo "1575"]
[BlackElo "1585"]
[Opening "Queen's pawn game, Darooha variation "]
[ECO "D02"]
[Time "06:00:31"]
[TimeControl "2700+45"]

1. Nf3 d5 2. d4 Nf6 3. Nbd2 Bg4 4. e3 e6 5. a3 Nbd7 6. h3 Bh5 7. Be2 Bd6 8. b3
Ne4 9. Bb2 Ndf6 10. c4 c6 11. c5 Be7 12. Rg1 Bg6 13. Ne5 Nxd2 14. Qxd2 Ne4 15.
Qd1 Bh4 16. g3 Bf6 17. Nxg6 fxg6 18. b4 O-O 19. f3 Nxg3 20. Kd2 Nf5 21. Bd3 a5
22. Qe2 b6 23. Bc3 bxc5 24. bxc5 Qc7 25. f4 Ne7 26. Qg4 Qd7 27. h4 h5 28. Qg3
Qe8 {Game drawn by mutual agreement} 1/2-1/2

[Event "Team 45 45 League T62"]
[Site "Internet Chess Club"]
[Date "2014.09.27"]
[Round "5"]
[White "Signalman"]
[Black "fireball"]
[Result "1-0"]
[WhiteElo "1763"]
[BlackElo "1658"]
[Opening "French: exchange variation"]
[ECO "C01"]
[Time "10:08:06"]
[TimeControl "2700+45"]

1. e4 e6 2. d4 d5 3. exd5 exd5 4. Bf4 Nf6 5. Nc3 Bb4 6. Bd3 Nc6 7. Ne2 O-O 8.
Qd2 Re8 9. O-O-O a6 10. f3 Ne7 11. g4 Ng6 12. Bxg6 fxg6 13. h4 Bd6 14. h5 Bxf4
15. Nxf4 g5 16. Nd3 h6 17. Ne5 Qd6 18. Rhg1 c6 19. f4 gxf4 20. Qxf4 Rf8 21. Qe3
Re8 22. g5 Ng4 23. Qd2 Nxe5 24. dxe5 Rxe5 25. gxh6 Rxh5 26. Rxg7+ Kh8 27. Rdg1
Bf5 28. R7g5 Qxh6 29. Rxh5 Qxh5 30. Qd4+ Kh7 31. Qg7# {Black checkmated} 1-0

[Event "Team 45 45 League T62"]
[Site "Internet Chess Club"]
[Date "2014.09.28"]
[Round "5"]
[White "nidusin2"]
[Black "ticopatzer"]
[Result "0-1"]
[WhiteElo "1615"]
[BlackElo "1705"]
[Opening "Queen's Indian: old main line, 7.Nc3"]
[ECO "E18"]
[Time "09:06:36"]
[TimeControl "2700+45"]

1. d4 Nf6 2. Nf3 e6 3. c4 b6 4. g3 Bb7 5. Bg2 Be7 6. O-O O-O 7. Nc3 d5 8. cxd5
Nxd5 9. Re1 Bb4 10. Qb3 Na6 11. a3 Bxc3 12. bxc3 c5 13. Ne5 Qc7 14. e4 Nf6 15.
Bg5 Nd7 16. Bf4 Nxe5 17. Bxe5 Qd7 18. d5 Rac8 19. c4 Rfe8 20. Bh3 Qe7 21. Qb2
Qg5 22. f4 Qh6 23. Kg2 Rcd8 24. Qb5 exd5 25. cxd5 f6 26. Bd6 Qg6 27. Bf5 Qf7 28.
Be6 Rxe6 29. dxe6 Qxe6 30. Rad1 Rxd6 31. Rxd6 Qxd6 32. Rd1 Bxe4+ 33. Kf2 Nc7 34.
Qa4 Bc6 35. Qb3+ Nd5 36. Qd3 b5 37. Qf5 c4 {White forfeits on time} 0-1

[Event "Team 45 45 League T62"]
[Site "Internet Chess Club"]
[Date "2014.09.26"]
[Round "5"]
[White "rayonline53"]
[Black "Skeptic1972"]
[Result "1/2-1/2"]
[WhiteElo "1506"]
[BlackElo "1590"]
[Opening "French: exchange variation"]
[ECO "C01"]
[Time "14:00:01"]
[TimeControl "2700+45"]

1. e4 e6 2. d4 d5 3. exd5 exd5 4. Bd3 Bd6 5. Nf3 Bg4 6. O-O Ne7 7. Be3 O-O 8.
Bxh7+ Kxh7 9. Ng5+ Kg8 10. Qxg4 Nd7 11. Qh4 Nf6 12. f4 Nf5 13. Qh3 Qe7 14. Qxf5
Qxe3+ 15. Kh1 Qxd4 16. Nc3 c6 17. Rad1 Qb6 18. Nce4 dxe4 19. Rxd6 Qb5 20. Qxb5
cxb5 21. Re1 Rad8 22. Red1 Rxd6 23. Rxd6 e3 24. Kg1 Ng4 25. h3 e2 26. Nf3 Ne3
27. Rd2 Nc4 28. Rxe2 Nxb2 29. Re7 f6 30. Rxb7 Rc8 31. Rxb5 Rxc2 32. Ra5 Rc7 33.
Kh2 Nd3 34. Kg3 Nb4 35. Ra4 Nc2 36. Ra6 Nb4 37. Ra4 Nc2 38. Ra6 Nb4 39. Ra4
{Game drawn by repetition} 1/2-1/2

[Event "Team 45 45 League T62"]
[Site "Internet Chess Club"]
[Date "2014.09.27"]
[Round "5"]
[White "Insan996"]
[Black "evan7284"]
[Result "1-0"]
[WhiteElo "1537"]
[BlackElo "1582"]
[Opening "QGD: 3.Nc3"]
[ECO "D31"]
[Time "09:09:28"]
[TimeControl "2700+45"]

1. d4 d5 2. c4 e6 3. Nc3 f5 4. Nf3 Nf6 5. Bg5 c6 6. e3 Be7 7. Be2 O-O 8. O-O Ne4
9. Bxe7 Qxe7 10. a3 Nd7 11. Qc2 Kh8 12. b4 Qd6 13. c5 Qe7 14. b5 e5 15. bxc6
bxc6 16. Na2 Rf6 17. Rab1 Rh6 18. Nb4 g5 19. Nd2 exd4 20. Nxe4 fxe4 21. exd4 Qf6
22. Qc3 Qf4 23. Qg3 Nf8 24. Nc2 Ng6 25. Ne3 Ne7 26. Rb2 Nf5 27. Nxf5 Bxf5 28.
Ba6 Rg6 29. Qe3 Rgg8 30. Rfb1 Rgb8 31. Qxf4 Rxb2 32. Rxb2 gxf4 33. Kf1 Kg8 34.
Rb4 Kf8 35. Bb7 a5 36. Rb6 Rb8 37. Bxc6 Rc8 38. Bxd5 Rd8 39. Bb3 e3 40. Rf6+ Kg7
41. Rxf5 Rxd4 42. fxe3 fxe3 43. Ke2 a4 44. Be6 Re4 45. Bd7 Rc4 46. c6 Rc3 47. c7
Rxc7 48. Bxa4 Ra7 49. Rf4 Rc7 50. Re4 Ra7 51. Kxe3 Ra5 52. Kf3 Rc5 53. Bd7 Rd5
54. Be8 Rf5+ 55. Rf4 Rc5 56. a4 Rc3+ 57. Kg4 Rc2 58. Kg3 Rc3+ 59. Rf3 Rc4 60.
Bb5 Rc5 61. Ra3 Rg5+ 62. Kf3 Rc5 63. g4 Kf6 64. h4 h6 65. Bd7 Ra5 66. Rb3 Ke7
67. Bb5 Kd6 68. Rd3+ Kc7 69. Ke4 Ra8 70. Rd5 Rg8 71. Kf5 Rg7 {Black resigns} 1-0

[Event "Team 45 45 League T62"]
[Site "Internet Chess Club"]
[Date "2014.09.29"]
[Round "5"]
[White "barbiq"]
[Black "fishhead"]
[Result "0-1"]
[WhiteElo "1481"]
[BlackElo "1887"]
[Opening "Sicilian: Najdorf, 7...Be7 main line"]
[ECO "B99"]
[Time "22:30:19"]
[TimeControl "2700+45"]

1. e4 c5 2. Nf3 d6 3. d4 cxd4 4. Nxd4 Nf6 5. Nc3 a6 6. Bg5 e6 7. f4 Be7 8. Qf3
Qc7 9. O-O-O Nbd7 10. Bd3 b5 11. e5 Bb7 12. Be4 Nxe4 13. Nxe4 dxe5 14. Bxe7 Kxe7
15. Ne2 Rhc8 16. Qd3 Bxe4 17. Qxe4 f5 18. Qd3 e4 19. Qb3 Qc4 20. Qxc4 Rxc4 21.
Rd2 Nb6 22. Rhd1 Rac8 23. b3 R4c7 24. Kb2 e3 25. Rd6 Rxc2+ 26. Ka3 Nd5 27. Nd4
b4+ 28. Ka4 Rxa2# {White checkmated} 0-1

[Event "Team 45 45 League T62"]
[Site "Internet Chess Club"]
[Date "2014.09.27"]
[Round "5"]
[White "Longonjo"]
[Black "LN09102Q"]
[Result "1/2-1/2"]
[WhiteElo "1556"]
[BlackElo "1497"]
[Opening "Trompowsky attack (Ruth, Opocenský opening)"]
[ECO "A45"]
[Time "11:30:35"]
[TimeControl "2700+45"]

1. d4 Nf6 2. Bg5 g6 3. Nd2 Bg7 4. Ngf3 d5 5. c3 Bf5 6. Qb3 b6 7. e3 Ne4 8. Nxe4
Bxe4 9. Be2 O-O 10. O-O Nc6 11. Nd2 Bf5 12. Bf3 Be6 13. Qb5 Na5 14. b4 a6 15.
Qe2 Nc6 16. a4 h6 17. Bh4 Qd7 18. Rac1 Rfe8 19. Rfe1 Kh7 20. Qd1 Ra7 21. h3 Qd8
22. Bg3 Bf6 23. Kh1 Bg5 24. Nf1 Ra8 25. Nh2 Bf6 26. Nf1 {Game drawn by mutual
agreement} 1/2-1/2

[Event "Team 45 45 League T62"]
[Site "Internet Chess Club"]
[Date "2014.09.28"]
[Round "5"]
[White "chessnow"]
[Black "parrot9"]
[Result "1/2-1/2"]
[WhiteElo "1699"]
[BlackElo "1681"]
[Opening "Sicilian: Scheveningen (Paulsen), classical variation"]
[ECO "B84"]
[Time "11:35:05"]
[TimeControl "2700+45"]

1. e4 c5 2. Nf3 d6 3. d4 cxd4 4. Nxd4 Nf6 5. Nc3 a6 6. Be2 e6 7. O-O Be7 8. Be3
Nbd7 9. Nb3 Qc7 10. f4 b5 11. a3 Bb7 12. Bf3 O-O 13. Qd3 Rfd8 14. Qe2 Rac8 15.
Rac1 Nb6 16. Nd2 Nbd7 17. Nb3 Nb6 18. Nd2 Nbd7 19. Nb3 Nb6 {Game drawn by
repetition} 1/2-1/2

[Event "Team 45 45 League T62"]
[Site "Internet Chess Club"]
[Date "2014.09.26"]
[Round "5"]
[White "Chess-Boy"]
[Black "justice02"]
[Result "1-0"]
[WhiteElo "1655"]
[BlackElo "1798"]
[Opening "French: advance variation"]
[ECO "C02"]
[Time "20:30:34"]
[TimeControl "2700+45"]

1. e4 e6 2. d4 d5 3. e5 c5 4. c3 Qb6 5. Nf3 Nc6 6. a3 Bd7 7. b4 cxb4 8. cxb4 Rc8
9. Bb2 Nxb4 10. axb4 Bxb4+ 11. Nbd2 Nh6 12. Bd3 O-O 13. O-O f5 14. Qb3 a5 15.
Rfc1 a4 16. Qa2 Nf7 17. Ba3 Bxa3 18. Qxa3 g5 19. Qe7 g4 20. Qxd7 Rxc1+ 21. Rxc1
gxf3 22. Nxf3 Qb2 23. Rb1 Qc3 24. Qb5 Rc8 25. h3 a3 26. Bxf5 exf5 27. Qxd5 Qc2
28. Rxb7 Rf8 29. Ra7 h5 30. e6 h4 31. exf7+ Kh7 32. Kh2 Qxf2 33. Qxf5+ Kh6 34.
Qf6+ Kh7 {Black resigns} 1-0

[Event "Team 45 45 League T62"]
[Site "Internet Chess Club"]
[Date "2014.09.28"]
[Round "5"]
[White "Grenadier"]
[Black "drsigmund1"]
[Result "0-1"]
[WhiteElo "1559"]
[BlackElo "1614"]
[Opening "French: advance, Paulsen attack"]
[ECO "C02"]
[Time "20:00:20"]
[TimeControl "2700+45"]

1. e4 e6 2. d4 d5 3. e5 c5 4. c3 Nc6 5. Nf3 Nge7 6. Bd3 Qb6 7. dxc5 Qxc5 8. Be3
Qa5 9. O-O Ng6 10. Re1 Ngxe5 11. Nxe5 Nxe5 12. Bc2 Nc4 13. b4 Qc7 14. Bg5 Be7
15. Qh5 h6 16. Ba4+ Bd7 17. Bxd7+ Qxd7 18. Bxe7 Qxe7 19. a4 O-O 20. Na3 Nb6 21.
Nb5 a6 22. Nd4 Qf6 23. a5 Nc4 24. Rac1 Rac8 25. Nb3 Nb2 26. Nc5 Rxc5 27. bxc5
Nd3 28. Qe2 Nxe1 29. Qxe1 Rc8 30. Rb1 Qe7 31. Qe5 Rxc5 32. Qb8+ Kh7 33. Rxb7
Rxc3 34. h3 Qf6 35. Rb2 Rc5 36. Ra2 Rb5 37. Qg3 Qd8 38. Rc2 Rxa5 39. Rc7 Qf6 40.
Ra7 Qg6 41. Qf3 Qb1+ 42. Kh2 Qb8+ 43. g3 Qxa7 {White resigns} 0-1

[Event "Team 45 45 League T62"]
[Site "Internet Chess Club"]
[Date "2014.09.28"]
[Round "5"]
[White "CaptK"]
[Black "GoIrish"]
[Result "1-0"]
[WhiteElo "1696"]
[BlackElo "1598"]
[Opening "King's Indian: London system"]
[ECO "A48"]
[Time "15:01:36"]
[TimeControl "2700+45"]

1. d4 Nf6 2. Nf3 g6 3. Bf4 Bg7 4. e3 O-O 5. Be2 d6 6. h3 Nbd7 7. O-O c5 8. c4
cxd4 9. exd4 b6 10. Nc3 Bb7 11. a4 Rc8 12. Nd2 e5 13. Be3 d5 14. b4 dxc4 15.
Bxc4 exd4 16. Bxd4 Nb8 17. Be3 Nd5 18. Nxd5 Bxa1 19. Nxb6 axb6 20. Qxa1 Qh4 21.
Rc1 Rfd8 22. Qa2 Bd5 23. Bxb6 Rxc4 24. Rxc4 Qg5 25. g3 Bxc4 26. Bxd8 Qxg3+ 27.
fxg3 Bxa2 28. b5 Be6 29. Kh2 Bc8 30. a5 Kf8 31. a6 Nd7 32. a7 Bb7 33. Nb3 Ke8
34. Bc7 f6 35. Na5 Ba8 36. b6 Nc5 37. Kg1 Kd7 38. Kf2 Nb7 39. Nxb7 Bxb7 40. Ke3
Kc8 41. Kd4 Bg2 42. Kc5 Kb7 43. h4 h5 44. Bd8 f5 45. Kd4 Be4 46. Ke5 Bd3 47. Kf4
Bc2 48. Kg5 f4 49. Kxf4 Bf5 50. Kg5 Be4 51. g4 hxg4 52. Kxg4 Bf5+ 53. Kg5 Be4
54. Kf6 Bf5 55. h5 gxh5 56. Kxf5 Ka8 57. Kg5 Kb7 58. Kxh5 Ka8 59. Kg5 Kb7 60.
Kf5 Ka8 61. Ke5 Kb7 62. Kd5 Ka8 63. Kd6 Kb7 64. a8=Q+ Kxa8 65. Kc6 Kb8 66. b7
Ka7 67. Bb6+ Kb8 68. Bc7+ Ka7 69. b8=R Ka6 70. Ra8# {Black checkmated} 1-0

[Event "Team 45 45 League T62"]
[Site "Internet Chess Club"]
[Date "2014.09.28"]
[Round "5"]
[White "zepled37"]
[Black "sdcohle"]
[Result "1-0"]
[WhiteElo "1618"]
[BlackElo "1354"]
[Opening "French: advance variation"]
[ECO "C02"]
[Time "21:03:31"]
[TimeControl "2700+45"]

1. e4 e6 2. d4 d5 3. e5 c5 4. c3 Qb6 5. Nf3 Nc6 6. a3 Be7 7. b4 cxb4 8. cxb4 f6
9. Be2 fxe5 10. dxe5 Qc7 11. Bb2 Nh6 12. O-O O-O 13. Re1 Nf7 14. Bd3 a6 15. Nbd2
Bd7 16. Rc1 Qb6 17. Bb1 Rac8 18. h4 Nh6 19. Nb3 Be8 20. Nc5 Bxc5 21. Rxc5 Bh5
22. Qb3 Qd8 23. Ng5 Qe7 24. Bxh7+ Kh8 25. Bb1 Nf7 26. Nxf7+ Qxf7 27. Qc2 Qf5 28.
Qxf5 exf5 29. Rxd5 Bg6 30. e6 Rce8 31. Rd7 Re7 32. g4 Be8 33. Rxe7 Nxe7 34. g5
Kh7 35. Re5 Bg6 36. Re1 Rc8 37. Rd1 Rc4 38. Rd7 Rxh4 39. Rxe7 Rg4+ 40. Kf1 Rxg5
41. Rxg7+ Kh6 42. Rxb7 Rh5 43. Bg7+ Kg5 44. Ke2 Rh1 45. Bd3 Bh5+ 46. Kd2 Rd1+
47. Kc2 Re1 48. Rb6 Kg6 49. Bc3 Rh1 50. Rxa6 Kg5 51. e7 Rh2 52. Bd4 Bg6 53.
Rxg6+ Kxg6 54. e8=Q+ Kg5 55. Qg8+ Kf4 56. Qg3# {Black checkmated} 1-0

[Event "Team 45 45 League T62"]
[Site "Internet Chess Club"]
[Date "2014.09.29"]
[Round "5"]
[White "RubberDuck"]
[Black "primerpaso"]
[Result "1/2-1/2"]
[WhiteElo "1938"]
[BlackElo "1965"]
[Opening "Nimzo-Indian: classical, 4...c5"]
[ECO "E38"]
[Time "13:01:40"]
[TimeControl "2700+45"]

1. d4 Nf6 2. c4 e6 3. Nc3 Bb4 4. Qc2 c5 5. e3 O-O 6. a3 Bxc3+ 7. Qxc3 Qe7 8. Nf3
Na6 9. Bd3 b6 10. O-O Bb7 11. Qc2 Rac8 12. Qe2 Nc7 13. Bd2 Ne4 14. Rac1 d5 15.
cxd5 exd5 16. Rfd1 Ne6 17. dxc5 N6xc5 18. Nd4 Nxd3 19. Qxd3 Rfd8 20. Bb4 Qh4 21.
Qe2 Qf6 22. Qf3 Qxf3 23. gxf3 Nc5 24. b3 a5 25. Be1 Ne6 26. Bc3 Rd7 27. Bb2 Rdc7
28. Rxc7 Rxc7 29. Kg2 Ba6 30. Nxe6 {Game drawn by mutual agreement} 1/2-1/2

[Event "Team 45 45 League T62"]
[Site "Internet Chess Club"]
[Date "2014.09.26"]
[Round "5"]
[White "Baseta"]
[Black "jonesey"]
[Result "0-1"]
[WhiteElo "1844"]
[BlackElo "1896"]
[Opening "English: symmetrical, Benoni formation"]
[ECO "A31"]
[Time "15:00:36"]
[TimeControl "2700+45"]

1. d4 Nf6 2. c4 c5 3. Nf3 cxd4 4. Nxd4 e5 5. Nc2 d5 6. cxd5 Qxd5 7. Qxd5 Nxd5 8.
e4 Nb4 9. Nxb4 Bxb4+ 10. Bd2 Nc6 11. Bb5 Bd7 12. Bxc6 Bxd2+ 13. Nxd2 Bxc6 14.
O-O O-O-O 15. Rfd1 Rd4 16. Rac1 Rhd8 17. Rc2 Rxe4 18. f3 Red4 19. Kf2 Kb8 20. b3
e4 21. Ke2 exf3+ 22. gxf3 Rh4 23. Rh1 g5 24. Kf2 Rhd4 25. Nc4 Re8 26. Rg1 Rf4
27. Nd2 f6 28. Rg4 Rf5 29. Rd4 h5 30. h3 Rg8 31. Ne4 g4 32. hxg4 hxg4 33. Rc3
gxf3 34. Rb4 a5 35. Rd4 Rg2+ 36. Kf1 f2 37. Nd2 Rg1+ 38. Ke2 Re1+ 39. Kd3 Rd1
40. Kc2 Rxd2+ {White resigns} 0-1

[Event "Team 45 45 League T62"]
[Site "Internet Chess Club"]
[Date "2014.09.26"]
[Round "5"]
[White "Innes"]
[Black "Heian"]
[Result "0-1"]
[WhiteElo "1651"]
[BlackElo "1800"]
[Opening "Danish gambit"]
[ECO "C21"]
[Time "18:00:45"]
[TimeControl "2700+45"]

1. e4 e5 2. d4 exd4 3. c3 Nc6 4. cxd4 Bb4+ 5. Nc3 d6 6. a3 Ba5 7. b4 Bb6 8. Be3
h6 9. Bc4 Nf6 10. Qb3 O-O 11. Nge2 Ng4 12. O-O Qh4 13. h3 Nxe3 14. fxe3 Nd8 15.
Nf4 Qe7 16. Ng6 Qg5 17. Nxf8 Qxe3+ 18. Kh1 Kxf8 19. Rf3 Qxd4 20. Raf1 f6 21. Nd5
Qe5 22. a4 c6 23. Nxf6 gxf6 24. Rxf6+ Ke8 25. a5 Bc7 26. Rf8+ Ke7 27. Rg8 d5 28.
g3 dxc4 29. Qf3 Be6 30. Qf8+ Kd7 31. Rd1+ Bd6 32. Rg7+ Nf7 33. Rxf7+ Bxf7 34.
Qxa8 Qxe4+ 35. Kg1 Qe3+ 36. Kf1 Qf3+ 37. Ke1 Qxg3+ 38. Kd2 Qd3+ 39. Kc1 Qc3+ 40.
Kb1 Bg6+ 41. Ka2 Qb3+ 42. Ka1 Qa3# {White checkmated} 0-1

[Event "Team 45 45 League T62"]
[Site "Internet Chess Club"]
[Date "2014.09.27"]
[Round "5"]
[White "Portola"]
[Black "parrot9"]
[Result "1/2-1/2"]
[WhiteElo "1832"]
[BlackElo "1680"]
[Opening "Queen's pawn game, Darooha variation "]
[ECO "D02"]
[Time "08:07:03"]
[TimeControl "2700+45"]

1. d4 d5 2. Nf3 Nf6 3. c3 e6 4. Bg5 Be7 5. e3 Nbd7 6. Nbd2 h6 7. Bh4 O-O 8. Bd3
c5 9. a4 b6 10. O-O Bb7 11. Qe2 Ne4 12. Bxe7 Qxe7 13. Bb5 Ndf6 14. Ne5 Qc7 15.
f3 Nxd2 16. Qxd2 c4 17. a5 bxa5 18. Ra2 Qb6 19. Ba4 Rfd8 20. Rfa1 a6 21. Bd1 Nd7
22. f4 Nf6 23. Bf3 Ne4 24. Bxe4 dxe4 25. Nxc4 Qb5 26. Nxa5 Bd5 27. Ra3 Rdb8 28.
b3 Qd3 29. Qxd3 exd3 30. Rd1 Be4 31. Nc4 f6 32. Nd2 f5 33. Nc4 Ra7 34. Ne5 Rc7
35. b4 Rbc8 36. c4 Rxc4 37. Nxc4 Rxc4 38. Rd2 Rxb4 39. Rxa6 Kf7 40. Kf2 g5 41.
fxg5 hxg5 42. Ra5 Kf6 43. Ra1 g4 44. Kg3 {Game drawn by mutual agreement}
1/2-1/2

[Event "Team 45 45 League T62"]
[Site "Internet Chess Club"]
[Date "2014.09.29"]
[Round "5"]
[White "TerryMalloy"]
[Black "fhunfi"]
[Result "1/2-1/2"]
[WhiteElo "1955"]
[BlackElo "1878"]
[Opening "French: Tarrasch, Guimard main line"]
[ECO "C04"]
[Time "19:35:25"]
[TimeControl "2700+45"]

1. e4 e6 2. d4 d5 3. Nd2 Nc6 4. Ngf3 Nf6 5. e5 Nd7 6. Nb3 a5 7. a4 b6 8. Bg5 Be7
9. h4 h6 10. Bxe7 Nxe7 11. Qd2 Ba6 12. Bxa6 Rxa6 13. O-O-O c5 14. Rh3 c4 15. Qe2
Qc8 16. Nbd2 Qc6 17. Nb1 Qxa4 18. b3 Qc6 19. Nfd2 b5 20. bxc4 bxc4 21. Ra3 Nf5
22. Nf3 Qb5 23. g4 Rb6 24. Kd2 Qb4+ 25. c3 Qb2+ 26. Ke1 Ne7 27. Rxa5 O-O 28. Ra7
Qxe2+ 29. Kxe2 Rd8 30. Na3 Nc6 31. Rc7 Ndb8 32. Rb1 Rxb1 33. Nxb1 Rd7 34. Rxd7
Nxd7 {Game drawn by mutual agreement} 1/2-1/2

[Event "Team 45 45 League T62"]
[Site "Internet Chess Club"]
[Date "2014.09.27"]
[Round "5"]
[White "RamRock"]
[Black "az2112"]
[Result "0-1"]
[WhiteElo "1716"]
[BlackElo "1603"]
[Opening "Sicilian defense"]
[ECO "B20"]
[Time "11:00:17"]
[TimeControl "2700+45"]

1. e4 c5 2. d3 Nc6 3. g3 d6 4. Bg2 Nf6 5. f4 Bg4 6. Nf3 Nd4 7. Be3 Nxf3+ 8. Bxf3
Bxf3 9. Qxf3 e6 10. Nd2 Be7 11. O-O O-O 12. g4 Rc8 13. f5 d5 14. g5 dxe4 15.
dxe4 Ne8 16. Qh5 exf5 17. exf5 Rc6 18. Rf3 g6 19. fxg6 Rxg6 20. Rg3 Ng7 21. Qg4
Qc8 22. Qf3 Nf5 23. Rf1 Nxg3 24. Qxg3 f6 25. h4 fxg5 26. hxg5 Rxf1+ 27. Kxf1
Qf5+ 28. Ke2 Bd6 29. Qf3 Qxf3+ 30. Kxf3 b6 31. Ne4 Be5 32. c3 Kf7 33. Nd2 Ke6
34. Ke4 Bc7 35. b4 cxb4 36. cxb4 Bd8 37. Nf3 Rg7 38. Nd4+ Kd7 39. Nf3 Re7+ 40.
Kd3 Kc6 41. a4 Kd5 42. Bd2 Re4 43. Be3 Rxb4 44. a5 Rb3+ 45. Kd2 Rxe3 46. Kxe3
bxa5 47. Kd3 a4 48. Kc3 a5 49. Kb2 Be7 50. Kc3 Ke4 51. Ne1 Bxg5 52. Nd3 Be7 53.
Nb2 Bf6+ 54. Kc2 Bxb2 {White resigns} 0-1

[Event "Team 45 45 League T62"]
[Site "Internet Chess Club"]
[Date "2014.10.03"]
[Round "5"]
[White "clarinetref"]
[Black "kidcobra"]
[Result "0-1"]
[WhiteElo "1603"]
[BlackElo "1812"]
[Opening "Sicilian: dragon, classical, Grigoriev variation"]
[ECO "B72"]
[Time "19:46:57"]
[TimeControl "2700+45"]

1. e4 c5 2. Nf3 d6 3. d4 cxd4 4. Nxd4 Nf6 5. Nc3 g6 6. Be2 Bg7 7. Be3 O-O 8. Qd2
Nc6 9. O-O-O d5 10. f3 e6 11. g4 dxe4 12. g5 exf3 13. Bxf3 Nd5 14. Nxd5 exd5 15.
h4 Re8 16. h5 Rxe3 17. Nxc6 Qb6 18. Nd4 Bxd4 19. Qxd4 Qxd4 20. Rxd4 Rxf3 21.
Rxd5 Bf5 22. Rhd1 Re3 23. h6 Re2 24. Rd8+ Re8 25. R8d2 Rac8 26. c3 Kf8 27. Rd4
Re2 28. R1d2 Rxd2 29. Kxd2 Ke7 30. Rb4 b6 31. Ra4 Rd8+ 32. Ke3 a5 33. b4 Rd3+
34. Kf4 Rd5 35. c4 Rd4+ 36. Ke5 Rxc4 37. Kd5 Rxb4 38. Rxb4 axb4 39. Kc4 Be6+ 40.
Kxb4 Bxa2 41. Kb5 Ke6 42. Kxb6 Kf5 {White resigns} 0-1